[Event "*** Titled Tuesday Blitz"]
[Site "Chess.com"]
[Date "2020.12.01"]
[Round "10"]
[White "Karacsonyi_Gellert"]
[Black "sokidze"]
[Result "0-1"]
[WhiteElo "2669"]
[BlackElo "2530"]
[TimeControl "180+1"]
[EndTime "11:54:48 PST"]
[Termination "sokidze won by resignation"]

1. e4 c5 2. Nf3 Nc6 3. d4 cxd4 4.
Nxd4 g6 5. Nc3 Bg7 6. Be3 Nf6 7. Bc4 O-O 8. Bb3 Re8 9. f3 e6 10. f4 d6 11. Qf3 Na5 12. O-O-O e5 13. fxe5 Bg4 14.
Qf2 Rxe5 15. Nf3 Nxb3+ 16. axb3 Nxe4 17. Nxe4 Rxe4 18. h3 Bxf3 19. Qxf3 Qe7 20. Bd2 Re8 21. Rhf1 Qe6 22. Kb1 d5 23. Rde1 b5 24. Rxe4 dxe4 25. Qe2 Rd8 26. Be3 Qe5 27. c3 a5 28. Qf2 f5 29. g4 Rf8 30. Bd4 Qe6 31. Bxg7 Kxg7 32.
Qd4+ Qf6 33. Qa7+ Rf7 34. Qxa5 f4 35. Qxb5 e3 36. Qe2 Qe5 37. Qf3 Rd7 38. b4 g5 39.
Ka2 Qe6+ 40. Kb1 Qd5 41. Qxd5 Rxd5 42. Kc2 e2 43. Ra1 f3 44. c4 Rd8 45. Ra7+ Kh8 46. Re7 f2 0-1

[Event "*** Titled Tuesday Blitz"]
[Site "Chess.com"]
[Date "2020.12.01"]
[Round "10"]
[White "javirec"]
[Black "Keures"]
[Result "1-0"]
[WhiteElo "2375"]
[BlackElo "2243"]
[TimeControl "180+1"]
[EndTime "11:54:49 PST"]
[Termination "javirec won by resignation"]

1. d4 Nf6 2. Bg5 d5 3. Nd2 e6 4. e3 Be7 5. f4 c5 6. c3 Qb6 7. Rb1 Bd7 8. Ngf3 Bb5 9. Be2 Bxe2 10. Qxe2 Nc6 11. O-O h6 12. Bh4 Ne4 13. Bxe7 Nxe7 14. Nxe4 dxe4 15. Nd2 f5 16. Nc4 Qc7 17. Ne5 O-O 18.
dxc5 Rfd8 19. b4 Rd5 20. c4 Rdd8 21. Rfd1 Nc6 22. Nxc6 Qxc6 23. Rxd8+ Rxd8 24. Rd1 Rxd1+ 25. Qxd1 Kh7 26. h3 Qa6 27. Qb3 Qc6 28. a4 Qd7 29. b5 h5 30. Qc3 Qd1+ 31. Kh2 Qxa4 32. Qd4 Qb4 33. c6 bxc6 34. bxc6 h4 35. Qd8 Qe1 36.
Qg5 Qxe3 37. c7 Qc5 38. Qh5+ Kg8 39. Qe8+ Kh7 40. c8=Q Kh6 1-0

[Event "*** Titled Tuesday Blitz"]
[Site "Chess.com"]
[Date "2020.12.01"]
[Round "10"]
[White "BJthechessgod"]
[Black "Klavdia_Nik"]
[Result "1-0"]
[WhiteElo "2292"]
[BlackElo "2076"]
[TimeControl "180+1"]
[EndTime "11:54:49 PST"]
[Termination "BJthechessgod won on time"]

1. e4 g6 2. d4 Bg7 3. Nf3 d6 4. Bc4 c6 5. O-O Nf6 6. Qe2 O-O 7. e5 Nd5 8. Nc3 Nxc3 9. bxc3 Bg4 10. exd6 exd6 11. Re1 d5 12. Bd3 Nd7 13. h3 Bxf3 14.
Qxf3 Nb6 15. Bf4 Qd7 16. a4 a5 17. Reb1 Nc4 18. Bxc4 dxc4 19. Qe2 b5 20. Qf3 b4 21. cxb4 axb4 22. Rxb4 c5 23. Rxc4 cxd4 24. Rd1 Rxa4 25. Rxa4 Qxa4 26. Qe4 Re8 27. Qd3 Rc8 28. Rd2 h6 29. Qe4 Re8 30. Qd3 g5 31. Bg3 Re1+ 32. Kh2 Qa1 33. Bd6 Rh1+ 34. Kg3 Qa5 35. Rd1 Be5+ 36. Bxe5 Qxe5+ 37. Kf3 Rxd1 38. Qxd1 f5 39. Qd3 Kg7 40. g3 h5 41. Kg2 g4 42. h4 1-0

[Event "*** Titled Tuesday Blitz"]
[Site "Chess.com"]
[Date "2020.12.01"]
[Round "10"]
[White "GAusal"]
[Black "lacafi"]
[Result "1-0"]
[WhiteElo "2097"]
[BlackElo "2164"]
[TimeControl "180+1"]
[EndTime "11:54:49 PST"]
[Termination "GAusal won on time"]

1. d4 f5 2. g3 Nf6 3. Bg2 g6 4. Nh3 Bg7 5. O-O O-O 6. Nf4 c6 7. c4 d6 8. h4 Qe8 9. d5 c5 10. Nc3 a6 11. a4 h6 12. Re1 g5 13. hxg5 hxg5 14. Nd3 Ng4 15. Bxg5 Qh5 16. Bh4 f4 17. e3 fxe3 18. Rxe3 Bd4 19. Re4 Bf5 20. Nf4 Qh6 21. Rxd4 cxd4 22. Qxd4 Nd7 23. Ne4 Nde5 24. Ng5 Rac8 25.
f3 Rxc4 26. Qd2 Nf6 27. Nfe6 Bxe6 28. dxe6 Rfc8 29. Rf1 Rc2 30. Qf4 R8c4 31. Qe3 Rxb2 32. Nf7 Nxf7 33. exf7+ Kg7 34. Qxe7 Rxg2+ 35. Kxg2 Qd2+ 36.
Rf2 Kg6 37. f8=Q 1-0

[Event "*** Titled Tuesday Blitz"]
[Site "Chess.com"]
[Date "2020.12.01"]
[Round "10"]
[White "Skatchkov_V"]
[Black "lucachess49"]
[Result "1-0"]
[WhiteElo "2505"]
[BlackElo "2371"]
[TimeControl "180+1"]
[EndTime "11:54:50 PST"]
[Termination "Skatchkov_V won on time"]

1. d4 Nf6 2. c4 e6 3. Nf3 a6 4. Nc3 d5 5. cxd5 exd5 6. Bg5 Be6 7. Qb3 b5 8. Bxf6 Qxf6 9. Nxd5 Qd8 10. e4 c6 11. Qe3 cxd5 12. exd5 Bb4+ 13. Kd1 Qxd5 14. Bd3 Nc6 15. Rc1 Rc8 16. Be4 Qd7 17. Rxc6 O-O 18. Ne5 Qa7 19. Rxc8 Rxc8 20. Nc6 Qd7 21. Nxb4 a5 22. Nd3 Bxa2 23. Kd2 f5 24. Bf3 Qd6 25. Rc1 Bc4 26. b3 Qa3 27. bxc4 Kh8 28. Bd5 b4 29. c5 b3 30. Qe6 Rd8 31. Bxb3 1-0

[Event "*** Titled Tuesday Blitz"]
[Site "Chess.com"]
[Date "2020.12.01"]
[Round "10"]
[White "ChronicUnhappiness"]
[Black "yourstrulyme"]
[Result "0-1"]
[WhiteElo "2364"]
[BlackElo "2473"]
[TimeControl "180+1"]
[EndTime "11:54:50 PST"]
[Termination "yourstrulyme won by checkmate"]

1. c4 Nf6 2. Nf3 e6 3. Nc3 d5 4. cxd5 exd5 5. d4 Be7 6. Bg5 O-O 7. e3 Bf5 8. Qb3 Nc6 9. Bxf6 Bxf6 10. Nxd5 Bxd4 11.
exd4 Be6 12. O-O-O Bxd5 13. Qa3 a5 14. Bb5 Nb4 15. Bc4 Bxc4 16. Ne5 Bxa2 17. b3 Ra6 18. Kb2 Qd5 19. Rd2 Rd8 20. Rc1 Qxe5 21. dxe5 Rxd2+ 22. Ka1 h6 23. Rxc7 Nc2+ 24. Rxc2 Rxc2 25. Qe7 Rxf2 26.
Qc5 Rxg2 27. Qc8+ Kh7 28. Qf5+ Rag6 29. h4 Kg8 30. Qc8+ Kh7 31. Qf5 h5 32. Qxh5+ Kg8 33.
Qf5 Rh2 34. Qc8+ Kh7 35. Qxb7 Rg1# 0-1

[Event "*** Titled Tuesday Blitz"]
[Site "Chess.com"]
[Date "2020.12.01"]
[Round "10"]
[White "SlavenPastar"]
[Black "Manukyan_Artak"]
[Result "1-0"]
[WhiteElo "2505"]
[BlackElo "2377"]
[TimeControl "180+1"]
[EndTime "11:54:51 PST"]
[Termination "SlavenPastar won on time"]

1. b3 Nf6 2. Bb2 g6 3. Bxf6 exf6 4. c4 f5 5. Nc3 f4 6. e3 fxe3 7. fxe3 h5 8. Nf3 d6 9. Qc2 Nc6 10. g3 Bg7 11. a3 O-O 12. Bg2 Bf5 13. Qb2 Bd3 14. Bf1 Bxf1 15. Rxf1 a5 16. Qc2 a4 17. b4 Re8 18. O-O-O Qf6 19. h4 Qe6 20. Ng5 Qxc4 21. Rxf7 Ne5 22. d3 Qc6 23. Rf4 Ng4 24. Rc4 Qd7 25.
Nd5 Nxe3 26. Rxc7 Qf5 27. Nxe3 Rxe3 28. Ne4 Qe5 29. Qc4+ Kh8 30. Kd2 1-0

[Event "*** Titled Tuesday Blitz"]
[Site "Chess.com"]
[Date "2020.12.01"]
[Round "10"]
[White "ljuks68"]
[Black "rududuyk"]
[Result "1/2-1/2"]
[WhiteElo "2363"]
[BlackElo "2230"]
[TimeControl "180+1"]
[EndTime "11:54:51 PST"]
[Termination "Game drawn by repetition"]

1. e4 e6 2. d4 d5 3. Nc3 Bb4 4. e5 c5 5. a3 Bxc3+ 6. bxc3 Ne7 7. h4 Qa5 8. Bd2 Qa4 9. h5 Nbc6 10. h6 g6 11. Bg5 cxd4 12. Bf6 Rg8 13. Nf3 dxc3 14.
Bd3 Nf5 15. Ng5 Qf4 16. g3 Nxg3 17. fxg3 Qxg3+ 18. Kf1 Nxe5 19. Bxe5 Qxe5 20. Nxh7 Rh8 21. Qf3 Rxh7 22. Re1 Qd6 23. Qf6 Qe7 24. Qxc3 Bd7 25. Re2 Rc8 26. Qd4 Qxa3 27. Rf2 Qc1+ 28. Kg2 Qg5+ 29. Kf1 Rxh6 30. Rg1 Qh5 31. Qf6 Qd1+ 32.
Kg2 Qg4+ 33. Kf1 Qd1+ 34. Kg2 Qg4+ 35. Kf1 Qd1+ 1/2-1/2

[Event "*** Titled Tuesday Blitz"]
[Site "Chess.com"]
[Date "2020.12.01"]
[Round "10"]
[White "QuintilianoR"]
[Black "daro94"]
[Result "0-1"]
[WhiteElo "2628"]
[BlackElo "2851"]
[TimeControl "180+1"]
[EndTime "11:54:54 PST"]
[Termination "daro94 won on time"]

1. d4 Nf6 2. c4 c5 3. d5 b5 4.
cxb5 a6 5. e3 g6 6. Nc3 Bg7 7.
Nf3 O-O 8. a4 axb5 9. Bxb5 d6 10. O-O Ba6 11. Bxa6 Nxa6 12. Qe2 Nb4 13. e4 Qb6 14. h3 Qa6 15. Nb5 Rfb8 16. Ra3 Qc8 17. Bg5 h6 18. Bd2 Nd7 19. Bc3 Qf8 20. Rd1 Nb6 21.
a5 Nd7 22. e5 dxe5 23. d6 exd6 24. Rxd6 Qe7 25. Rd1 Nc6 26. Nc7 Ra7 27. Nd5 Qe8 28.
Qe3 Nd4 29. Nd2 Nc2 30. Qe4 Nxa3 31. bxa3 Nf6 32. Nxf6+ Bxf6 33. Nc4 Bg7 34. Nxe5 Rb3 35. Qc4 Rxc3 36. Qxc3 Qxe5 0-1

[Event "*** Titled Tuesday Blitz"]
[Site "Chess.com"]
[Date "2020.12.01"]
[Round "10"]
[White "Meri-Arabidze"]
[Black "Alexsur1981"]
[Result "0-1"]
[WhiteElo "2619"]
[BlackElo "2821"]
[TimeControl "180+1"]
[EndTime "11:54:54 PST"]
[Termination "Alexsur1981 won on time"]

1. Nf3 d5 2. b3 c6 3. Bb2 Bg4 4. d4 Nd7 5. Nbd2 Ngf6 6. e3 e6 7. Bd3 Bd6 8. h3 Bh5 9. Qe2 Qe7 10. g4 Bg6 11. Ne5 Ba3 12. Bxa3 Qxa3 13. f4 Nxe5 14. fxe5 Bxd3 15. cxd3 Nd7 16. O-O f6 17. exf6 gxf6 18. e4 O-O-O 19. Nf3 h5 20. g5 Rhg8 21. h4 Rde8 22.
Kh1 Kb8 23. e5 fxg5 24. Nxg5 c5 25. Rf7 Nb6 26. Raf1 c4 27. Qxh5 cxd3 28. Qh7 Qa6 29. Nxe6 Rh8 30. Rf8 Rexf8 31. Rxf8+ Rxf8 32. Nxf8 d2 33. Qh5 Qf1+ 34. Kh2 a6 35. Qe8+ Ka7 36. Nd7 Nxd7 0-1

[Event "*** Titled Tuesday Blitz"]
[Site "Chess.com"]
[Date "2020.12.01"]
[Round "10"]
[White "bylavochka"]
[Black "googlegoom"]
[Result "1-0"]
[WhiteElo "2269"]
[BlackElo "2438"]
[TimeControl "180+1"]
[EndTime "11:54:54 PST"]
[Termination "bylavochka won by checkmate"]

1. e4 c5 2. Nf3 Nc6 3. d4 cxd4 4. Nxd4 Qb6 5. Nb3 Nf6 6. Nc3 e6 7. Be3 Qc7 8. Qd2 Bb4 9. f3 d5 10. exd5 Nxd5 11. Bc4 Nxe3 12. Qxe3 O-O 13. O-O-O a6 14. Ne4 b5 15. Be2 e5 16. Kb1 Ne7 17. g4 Ng6 18. h4 Nf4 19. Bd3 a5 20. Ng5 Nxd3 21. Qxd3 f5 22. Qd5+ Kh8 23. Qxa8 a4 24. Nc1 a3 25.
Qd5 axb2 26. Nb3 h6 27. Ne6 Bxe6 28. Qxe6 Rc8 29. Rh2 fxg4 30. fxg4 Bf8 31. Qf5 Re8 32. g5 Qc6 33. gxh6 Qxh6 34. Rg2 Ba3 35. Rg6 Qh7 36. h5 Rf8 37. Qe4 Re8 38. Rdg1 Re7 39. Qg4 Bb4 40.
h6 Bc3 41. hxg7+ Kg8 42. Qc8+ Kf7 43. g8=Q+ Qxg8 44. Qxg8# 1-0

[Event "*** Titled Tuesday Blitz"]
[Site "Chess.com"]
[Date "2020.12.01"]
[Round "10"]
[White "Road2GM3000"]
[Black "ybruned"]
[Result "1-0"]
[WhiteElo "2132"]
[BlackElo "2252"]
[TimeControl "180+1"]
[EndTime "11:54:54 PST"]
[Termination "Road2GM3000 won on time"]

1. e4 c5 2. d4 cxd4 3. c3 dxc3 4. Nxc3 e6 5. Bc4 a6 6. Nf3 b5 7. Bb3 Bb7 8. O-O d6 9. Bf4 Nf6 10. Qe2 Nbd7 11. Rfd1 b4 12. Ng5 Be7 13. Nxf7 Kxf7 14. Bxe6+ Kxe6 15. Qc4+ d5 16. exd5+ Kf7 17. d6+ Kf8 18.
Re1 bxc3 19. dxe7+ Qxe7 20. Rxe7 Kxe7 21. Qb4+ Kf7 22.
Qxb7 cxb2 23. Qb3+ Kg6 24. Qxb2 Rhe8 25. Qc2+ Kf7 26.
Qc4+ Kg6 27. h4 h6 28. Qd3+ Kf7 29. Rb1 Re4 30. g3 Rae8 31. Rb7 R4e7 32. Bd6 Re1+ 33.
Kg2 Kg8 34. Bb4 R1e6 35. Rxd7 Nxd7 36. Qxd7 Kh7 37. Qd3+ Kg8 38. Bc3 R6e7 39. Qxa6 Rf7 40. Qg6 Re2 41. Bd4 Rxa2 42. Be3 Ra8 43. h5 Raf8 44. Kh3 1-0

[Event "*** Titled Tuesday Blitz"]
[Site "Chess.com"]
[Date "2020.12.01"]
[Round "10"]
[White "KetiGrant"]
[Black "yobdc"]
[Result "1-0"]
[WhiteElo "2385"]
[BlackElo "2464"]
[TimeControl "180+1"]
[EndTime "11:54:58 PST"]
[Termination "KetiGrant won on time"]

1. e4 c6 2. d4 d5 3. e5 Bf5 4. Nd2 e6 5. Nb3 Nd7 6. Nf3 Bg6 7. Be2 Ne7 8. O-O Nf5 9. Bg5 Be7 10. Bxe7 Qxe7 11.
g3 a6 12. h4 h6 13. Kg2 Bh5 14. Rh1 O-O-O 15. Nfd2 Bxe2 16. Qxe2 g5 17. h5 Kb8 18.
a4 Rc8 19. Na5 c5 20. dxc5 Qxc5 21. Nab3 Qc7 22. Rhe1 Nb6 23. c3 Nc4 24. Nf3 g4 25. Nfd4 Nxd4 26. Nxd4 Rhg8 27. b3 Nb6 28. Rec1 Rg5 29.
a5 Nd7 30. c4 Rxe5 31. Qxg4 Re4 32. Qg7 Qe5 33. Qxf7 Qxd4 34. Qxd7 dxc4 35. Qxd4 Rxd4 36. bxc4 Rcxc4 37. Rxc4 Rxc4 38. Re1 Rc5 39. g4 e5 40. g5 hxg5 41. h6 Rc7 42. Rh1 Rh7 43. Kf3 b5 44.
Kg4 Kc7 45. Kxg5 b4 46. Kg6 Rh8 47. Kg7 Rb8 48. h7 Kc6 49. h8=Q Rxh8 50. Rxh8 Kb5 51. Kf6 b3 52. Kxe5 Kxa5 53. f4 Ka4 54. f5 1-0

[Event "*** Titled Tuesday Blitz"]
[Site "Chess.com"]
[Date "2020.12.01"]
[Round "10"]
[White "Perecke"]
[Black "TrenerChos"]
[Result "1-0"]
[WhiteElo "2387"]
[BlackElo "2198"]
[TimeControl "180+1"]
[EndTime "11:54:58 PST"]
[Termination "Perecke won on time"]

1. e4 c5 2. Nf3 Nc6 3. d4 cxd4 4. Nxd4 e5 5. Nb5 a6 6. Nd6+ Bxd6 7. Qxd6 Qf6 8. Qd1 Qg6 9. Nc3 d5 10. Nxd5 Qxe4+ 11. Be2 Nd4 12. Nc7+ Ke7 13. Nxa8 Qxg2 14. Rf1 Bf5 15. Be3 Nxc2+ 16. Kd2 Nh6 17. Bc5+ Kf6 18. Kc1 Rc8 19. Qd6+ Be6 20. Nb6 Rc6 21. Nd7+ Kg5 22. Qxe5+ Nf5 23. f4+ Kh6 24. Rd1 Nce3 25. Kb1 Qxe2 26.
Rc1 Qd3+ 27. Rc2 1-0

[Event "*** Titled Tuesday Blitz"]
[Site "Chess.com"]
[Date "2020.12.01"]
[Round "10"]
[White "Ariadna_Atreides"]
[Black "RamyresCoelho"]
[Result "1-0"]
[WhiteElo "2064"]
[BlackElo "2070"]
[TimeControl "180+1"]
[EndTime "11:54:58 PST"]
[Termination "Ariadna_Atreides won on time"]

1. Nf3 Nf6 2. c4 e6 3. d4 d5 4. Nc3 Be7 5. Bf4 O-O 6. e3 Bb4 7. Qc2 Bxc3+ 8. bxc3 dxc4 9. Bxc4 Nd5 10. Bg3 Nc6 11.
Bd3 f5 12. O-O g5 13. e4 Nf4 14. exf5 Nxd3 15. Qxd3 Rxf5 16. Qc4 Qf6 17. Ne5 Nxe5 18. Bxe5 Qg6 19. Qxc7 Rf8 20. Rae1 h5 21. c4 h4 22. Bd6 Rf7 23. Qd8+ Kh7 24. d5 h3 25.
dxe6 Bxe6 26. Qxa8 hxg2 27. Kxg2 Bxc4 28. Be5 Qc6+ 29.
Kg1 Kg6 30. Qg8+ Kh5 31. Qh8+ Kg4 32. h3+ Kf5 33. Bg3 Qf3 34. Re5+ 1-0

[Event "*** Titled Tuesday Blitz"]
[Site "Chess.com"]
[Date "2020.12.01"]
[Round "10"]
[White "theturtlemoves"]
[Black "Beca95"]
[Result "0-1"]
[WhiteElo "2427"]
[BlackElo "2868"]
[TimeControl "180+1"]
[EndTime "11:55:00 PST"]
[Termination "Beca95 won on time"]

1. e4 c5 2. Nf3 d6 3. d4 cxd4 4. Nxd4 Nf6 5. Nc3 a6 6. Be2 e5 7. Nb3 Be7 8. O-O b5 9. a4 b4 10. Nd5 Bb7 11. Nxf6+ Bxf6 12. Bc4 O-O 13. Bd5 Nc6 14.
a5 Qc7 15. Be3 Rac8 16. Bb6 Qb8 17. Ra4 Bd8 18. Bxc6 Rxc6 19. Rxb4 Bxb6 20. axb6 Bc8 21. b7 Be6 22. Na5 Rc5 23. Qa1 Rd8 24. c4 Qc7 25. Ra4 Qb6 26. b4 Rc7 27. Rc1 Rb8 28. Qc3 h5 29. c5 Qb5 30. Ra3 Rbxb7 31. Nxb7 Qxb7 32. h4 dxc5 33. bxc5 Qxe4 34. Re1 Qxh4 35. Qxe5 Qe7 36. Rg3 g6 37. Rb1 Rc8 38. c6 Kh7 39. c7 Qxc7 40. Qf6 Qd8 0-1

[Event "*** Titled Tuesday Blitz"]
[Site "Chess.com"]
[Date "2020.12.01"]
[Round "10"]
[White "mapleaff"]
[Black "stoleriu"]
[Result "0-1"]
[WhiteElo "2407"]
[BlackElo "2556"]
[TimeControl "180+1"]
[EndTime "11:55:00 PST"]
[Termination "stoleriu won on time"]

1. e4 e6 2. d4 d5 3. Nd2 Be7 4. Bd3 c5 5. dxc5 Nf6 6. exd5 Qxd5 7. Ngf3 Nbd7 8. Qe2 Nxc5 9. Bc4 Qd6 10. O-O O-O 11. Rd1 Qc7 12. b3 b6 13. Bb2 Bb7 14. a4 a6 15. Be5 Qc6 16. Qf1 Rfd8 17. Nd4 Qc8 18. c3 Nce4 19. Nxe4 Nxe4 20. Rac1 Bg5 21. f4 Bf6 22. Qe1 Bxe5 23. fxe5 Qc5 24.
Bd3 Qxe5 25. Nf3 Qf4 26. Bxe4 Bxe4 27. Rxd8+ Rxd8 28. Rd1 Rxd1 29. Qxd1 Qe3+ 30. Kh1 h6 31. Nd2 Bd5 32. c4 Bc6 33. a5 bxa5 34. Nf1 Qf2 35. Qd8+ Kh7 36. Qd3+ g6 37. Ne3 Be4 0-1

[Event "*** Titled Tuesday Blitz"]
[Site "Chess.com"]
[Date "2020.12.01"]
[Round "10"]
[White "tk22h"]
[Black "ShahMatKanal"]
[Result "1-0"]
[WhiteElo "2343"]
[BlackElo "2468"]
[TimeControl "180+1"]
[EndTime "11:55:00 PST"]
[Termination "tk22h won on time"]

1. c4 c6 2. e4 d5 3. exd5 cxd5 4.
cxd5 Nf6 5. Nc3 g6 6. Nf3 Bg7 7.
Bc4 O-O 8. O-O a6 9. a4 a5 10. Re1 Na6 11. d4 Nb4 12. Bg5 Bf5 13. Nh4 Bg4 14.
Qb3 h6 15. Bd2 g5 16. Nf3 Bxf3 17. gxf3 Rc8 18. Re2 Qd7 19. Rae1 Qh3 20. Ne4 Nh5 21. Ng3 Nxg3 22. hxg3 Bxd4 23. Be3 Bf6 24. Rd2 Rfd8 25. Bf1 Qf5 26. Bb6 Rxd5 27. Rxd5 Qxd5 28. Qxd5 Nxd5 29. Bxa5 Ra8 30. Bd2 Rxa4 31. Bg2 e6 32. f4 Ra2 33. Bxd5 exd5 34. fxg5 hxg5 35. Re8+ Kg7 36.
Be3 Rxb2 37. Rc8 d4 38. Bc1 Rb1 39. Kg2 b5 40. Rc5 d3 41. Bxg5 Bxg5 42. Rxg5+ Kf6 43. Rd5 Rb3 44. Kf3 Ke6 45. Rd8 Ke5 46. Ke3 b4 47. Rb8 f5 48. Rb5+ Ke6 49. f4 Kf6 50. Rb6+ Ke7 51.
Rb5 Ke6 52. Rb6+ Kd5 53. Rb5+ 1-0

[Event "*** Titled Tuesday Blitz"]
[Site "Chess.com"]
[Date "2020.12.01"]
[Round "10"]
[White "German_Bazeev"]
[Black "hansen"]
[Result "1-0"]
[WhiteElo "2731"]
[BlackElo "2889"]
[TimeControl "180+1"]
[EndTime "11:55:01 PST"]
[Termination "German_Bazeev won on time"]

1. d4 Nf6 2. Nf3 d5 3. c4 e6 4. g3 Bb4+ 5. Bd2 Be7 6. Bg2 O-O 7. O-O Nbd7 8. Qc2 c6 9. Rc1 Ne4 10. Be1 f5 11. Nc3 g5 12. e3 g4 13. Nd2 Bd6 14.
Rab1 a5 15. Ne2 Qf6 16. Nf4 Qh6 17. Nf1 Ng5 18. Qe2 Nf6 19. b4 axb4 20. Bxb4 Bxb4 21. Rxb4 Nfe4 22. a4 Rf7 23. Qb2 Qf8 24. Nd2 Nd6 25. c5 Nde4 26. Nxe4 fxe4 27. Qe2 Qg7 28. Rcb1 e5 29.
dxe5 Qxe5 30. Qb2 Qxb2 31. R1xb2 Ra5 32. Rc2 Kg7 33. Kf1 Kf6 34. Ke1 Ke5 35. Kd1 Re7 36.
Rd4 Nf7 37. Rb4 Nh6 38. Ne2 Ng8 39. Nd4 Nf6 40. Bf1 Rf7 41. Nb3 Ra7 42. a5 Ne8 43. Ke1 1-0

[Event "*** Titled Tuesday Blitz"]
[Site "Chess.com"]
[Date "2020.12.01"]
[Round "10"]
[White "Massakru"]
[Black "Vanina1989"]
[Result "0-1"]
[WhiteElo "2335"]
[BlackElo "2654"]
[TimeControl "180+1"]
[EndTime "11:55:01 PST"]
[Termination "Vanina1989 won on time"]

1. e4 c6 2. d4 d5 3. f3 e6 4. Nc3 Bb4 5. Bf4 Ne7 6. Ne2 O-O 7. a3 Ba5 8. Bg3 b5 9. Qd3 Na6 10. Bf2 b4 11. axb4 Nxb4 12. Qd2 Ng6 13. h4 dxe4 14. fxe4 e5 15. h5 Nf4 16. Nxf4 exf4 17. h6 g6 18. Bc4 Be6 19. d5 cxd5 20. exd5 Bf5 21.
Bb3 Re8+ 22. Kf1 Bb6 23. Bd4 Qd6 24. Nb5 Qe7 25. d6 Qg5 26. Qxb4 Re2 27. Bxf7+ Kxf7 28. Qc4+ Re6 29. Nc7 Rc8 30. Bxb6 f3 31. gxf3 Qg3 32.
Bf2 Qxf3 33. Rh2 Bxc2 34. Qc3 Bd3+ 0-1

[Event "*** Titled Tuesday Blitz"]
[Site "Chess.com"]
[Date "2020.12.01"]
[Round "10"]
[White "LPSupi"]
[Black "Sokoloco"]
[Result "1-0"]
[WhiteElo "2877"]
[BlackElo "2497"]
[TimeControl "180+1"]
[EndTime "11:55:01 PST"]
[Termination "LPSupi won on time"]

1. e4 g6 2. d4 Bg7 3. Nc3 d6 4. Be3 a6 5. Bd3 b5 6. Nf3 Bb7 7. Qd2 Nd7 8. O-O c5 9. a4 b4 10. Ne2 Qc7 11. c3 c4 12. Bb1 b3 13.
Ng3 e6 14. Re1 Ne7 15. Bh6 O-O 16. h4 Rae8 17. h5 a5 18. Kh2 Nf6 19. Bxg7 Kxg7 20. Rh1 h6 21. Kg1 Rh8 22. e5 dxe5 23. Nxe5 Nf5 24. hxg6 fxg6 25. Qf4 Ba8 26. f3 Re7 27. Nxf5+ exf5 28. Qg3 g5 29. Bxf5 Nd5 30. Re1 Nf4 31. Qg4 Rhe8 32. g3 Nd3 33. Rxh6 1-0

[Event "*** Titled Tuesday Blitz"]
[Site "Chess.com"]
[Date "2020.12.01"]
[Round "10"]
[White "Susal_De_Silva"]
[Black "UCantHandleDenker"]
[Result "0-1"]
[WhiteElo "2648"]
[BlackElo "2548"]
[TimeControl "180+1"]
[EndTime "11:55:02 PST"]
[Termination "UCantHandleDenker won by resignation"]

1. e4 c5 2. Nf3 d6 3. Bb5+ Bd7 4. Bxd7+ Qxd7 5. c4 Nc6 6. Nc3 g6 7. d4 cxd4 8. Nxd4 Bg7 9. Be3 Nf6 10. f3 O-O 11. O-O Rfc8 12. b3 Qd8 13. Rc1 a6 14. a4 Na5 15.
Kh1 Nd7 16. Nd5 e6 17. Nb4 Nc5 18. Rb1 Qe7 19. Nbc2 Nc6 20. Nxc6 Rxc6 21. Nd4 Rcc8 22. Qd2 Rab8 23. Rfd1 Be5 24. Ne2 b5 25. axb5 axb5 26.
b4 Na4 27. cxb5 Rxb5 28. f4 Bg7 29. Bd4 e5 30. fxe5 Bxe5 31. Qd3 Rcb8 32. Qa3 Nc5 33.
Nc3 Bxd4 34. Rxd4 R5b7 35. b5 Ne6 36. Rxd6 Qg5 37. Nd5 Nf4 38. Nxf4 Qxf4 39. b6 h5 40. Qd3 Qf2 41. Rd8+ Kh7 42. Rxb8 Rxb8 43. b7 Rxb7 44. Rxb7 Qe1+ 0-1

[Event "*** Titled Tuesday Blitz"]
[Site "Chess.com"]
[Date "2020.12.01"]
[Round "10"]
[White "DrVelja"]
[Black "wonderfultime"]
[Result "1-0"]
[WhiteElo "2816"]
[BlackElo "2922"]
[TimeControl "180+1"]
[EndTime "11:55:03 PST"]
[Termination "DrVelja won on time"]

1. e4 c5 2. Nc3 Nc6 3. f4 e6 4.
Nf3 d5 5. Bb5 Ne7 6. O-O a6 7.
Bxc6+ Nxc6 8. d3 Be7 9. Qe2 O-O 10. e5 f6 11. Nd1 Bd7 12. Nf2 fxe5 13. fxe5 Be8 14. Nh3 Bh5 15. c3 Bg4 16. Nf4 Rf5 17. Nxe6 Qd7 18. Nf4 Raf8 19. e6 Qd6 20. h3 Bxf3 21.
Rxf3 Ne5 22. Rf2 g5 23. d4 cxd4 24. cxd4 Nc6 25. Qg4 Kh8 26. Nd3 Qxe6 27. Bd2 Qe4 28. Rxf5 Rxf5 29. Ne5 Qxd4+ 30. Qxd4 1-0

[Event "*** Titled Tuesday Blitz"]
[Site "Chess.com"]
[Date "2020.12.01"]
[Round "10"]
[White "sergeikim"]
[Black "ChelsieMonica"]
[Result "0-1"]
[WhiteElo "2510"]
[BlackElo "2407"]
[TimeControl "180+1"]
[EndTime "11:55:03 PST"]
[Termination "ChelsieMonica won on time"]

1. d4 d6 2. c4 Nf6 3. Nc3 g6 4. e4 Bg7 5. Nge2 O-O 6. Ng3 c6 7. Be2 e5 8. d5 cxd5 9. cxd5 a6 10. O-O b5 11. a3 Nbd7 12. Be3 Nb6 13. b3 h5 14. Bg5 Ra7 15. Qd2 Rc7 16. Rac1 Bg4 17. f3 Bd7 18. Nh1 Qb8 19. Nf2 Rfc8 20. Nd3 a5 21. Na2 a4 22. bxa4 Nc4 23. Qb4 Qa7+ 24. Kh1 bxa4 25. Rxc4 Rxc4 26. Qxd6 Ne8 27. Qe7 Rc2 28.
Nac1 f6 29. Nb4 Bf8 30. Qxf8+ Kxf8 31. Nxc2 Rxc2 32. Bd3 Rf2 33. Bh6+ Kf7 34. Re1 g5 35. h4 Kg6 36. hxg5 fxg5 37. Bf8 g4 38. fxg4 hxg4 39.
Bb4 g3 40. Ne2 Qe3 41. Ng1 Qxd3 42. Nh3 Rf1+ 0-1

[Event "*** Titled Tuesday Blitz"]
[Site "Chess.com"]
[Date "2020.12.01"]
[Round "10"]
[White "Chamal_Gedgafov"]
[Black "Eloist"]
[Result "1-0"]
[WhiteElo "2182"]
[BlackElo "2286"]
[TimeControl "180+1"]
[EndTime "11:55:03 PST"]
[Termination "Chamal_Gedgafov won by resignation"]

1. d4 e6 2. c4 Nf6 3. Nc3 Bb4 4. e3 O-O 5. Ne2 c6 6. a3 Ba5 7. b4 Bc7 8. c5 b6 9. Bb2 a5 10. g3 Ba6 11. Bg2 d6 12. cxd6 Bxd6 13. O-O axb4 14.
axb4 Bxb4 15. Qc2 Bb7 16. Rxa8 Bxa8 17. Ra1 Nbd7 18. Qb3 Bd6 19. Nf4 Qc7 20. Nd3 Bb7 21. Rc1 Qb8 22. e4 e5 23. d5 cxd5 24. Nxd5 Nxd5 25. exd5 Rc8 26. Re1 Re8 27. Nb4 Nc5 28. Qc4 Qc7 29. Nc6 h6 30. f4 Bxc6 31. dxc6 Kf8 32. Kh1 exf4 33. Bxg7+ Kxg7 34. Rxe8 fxg3 35. Qg4+ Kf6 36. Qh4+ Kg7 37. Qg4+ Kf6 38. Rg8 gxh2 39. Qg7+ Ke7 40. Qxh6 Ne6 41. Qh4+ f6 42. Qh7+ Ng7 43. Rxg7+ 1-0

[Event "*** Titled Tuesday Blitz"]
[Site "Chess.com"]
[Date "2020.12.01"]
[Round "10"]
[White "Kovalchuk94"]
[Black "Buffy7"]
[Result "0-1"]
[WhiteElo "2570"]
[BlackElo "2698"]
[TimeControl "180+1"]
[EndTime "11:55:04 PST"]
[Termination "Buffy7 won by resignation"]

1. e4 c6 2. d4 d5 3. exd5 cxd5 4.
Bd3 Nc6 5. c3 Nf6 6. Bf4 Bg4 7.
Qb3 Qc8 8. Nd2 e6 9. Ngf3 Be7 10.
O-O O-O 11. Rae1 Bh5 12. Ne5 Nxe5 13. Bxe5 Bg6 14. Bxg6 hxg6 15. Bxf6 Bxf6 16. Nf3 b5 17. Qxb5 Rb8 18. Qe2 Qc7 19. Rc1 Rfc8 20. Rc2 Qa5 21.
a3 Qa4 22. Rfc1 Rc4 23. Ne5 Bxe5 24. Qxe5 Rb3 25. g3 Qb5 26. Qe2 a5 27. Rd1 a4 28.
Rdd2 Qb7 29. h4 Qe7 30. Kg2 Qf6 31. Rd3 Qd8 32. Rdd2 Qf6 33. Qf3 Qe7 34. Qg4 Rc8 35. Qe2 Qb7 36. Kh2 Rc4 37. Qe3 Qe7 38. Qf4 Kf8 39.
Re2 Ke8 40. Qe5 Kf8 41. h5 gxh5 42. Qxh5 Qf6 43. Qh8+ Ke7 44. Kg2 Qg6 45. Qa8 Qf5 46. Qxa4 Rxa4 0-1

[Event "*** Titled Tuesday Blitz"]
[Site "Chess.com"]
[Date "2020.12.01"]
[Round "10"]
[White "dhaessel"]
[Black "elamier"]
[Result "0-1"]
[WhiteElo "1888"]
[BlackElo "2295"]
[TimeControl "180+1"]
[EndTime "11:55:05 PST"]
[Termination "elamier won on time"]

1. d4 d5 2. c4 c6 3. Nc3 Nf6 4. e3 a6 5. Nf3 Bf5 6. Be2 e6 7. Nh4 Be4 8. f3 Bg6 9. O-O Bh5 10.
g4 Bg6 11. Nxg6 hxg6 12. Kg2 Bd6 13. f4 g5 14. h3 gxf4 15. exf4 Nbd7 16. cxd5 cxd5 17.
f5 O-O 18. g5 Ne4 19. Nxe4 dxe4 20. fxe6 fxe6 21. Bg4 Qe7 22. Be3 e5 23. Qb3+ Kh8 24.
Qxb7 Rfd8 25. dxe5 Nxe5 26. Qxe7 Bxe7 27. Be2 Nd3 28.
b3 Rac8 29. Rfd1 Rc2 30. Rd2 Rdc8 31. Rad1 Bb4 32. Bxd3 exd3 33. Rf2 Rxf2+ 34. Bxf2 d2 35. Kf3 Rc3+ 36. Ke2 Rxh3 37. Rg1 Rh2 38. Rd1 Bc5 0-1